 Dungeon Crawl Stone Soup version 0.24.0-2-g5b39cebb1c (webtiles) character file.

Game seed: 10863245940135764602, levelgen mode: deterministic

2310 ventricule the Blocker (level 9, -4/74 HPs)
             Began as a Deep Dwarf Fighter on Oct 29, 2019.
             Was a Follower of Makhleb.
             Slain by a two-headed ogre
             ... wielding a +0 dire flail
              (12 damage)
             ... on level 7 of the Dungeon.
             The game lasted 00:08:09 (5695 turns).

ventricule the Blocker (Deep Dwarf Fighter)         Turns: 5695, Time: 00:08:10

Health: -4/74      AC: 17    Str: 23    XL:     9   Next: 18%
Magic:  9/9        EV: 12    Int:  9    God:    Makhleb [*.....]
Gold:   390        SH: 12    Dex: 12    Spells: 8/8 levels left

rFire    . . .     SeeInvis .   a - +1 war axe (protect)
rCold    . . .     Gourm    .   c - +1 shield
rNeg     . . .     Faith    .   g - +1 scale mail {MR+} {MR+}
rPois    .         Spirit   .   s - +0 helmet
rElec    .         Reflect  .   (no cloak)
rCorr    .         Harm     .   (no gloves)
MR       ++...                  (no boots)
Stlth    ..........             (no amulet)
HPRegen  0.00/turn              k - +4 ring of evasion
MPRegen  0.11/turn              (no ring)

@: protection aura, non-regenerating
A: damage resistance, heal wounds, sense surroundings 2, no regeneration
a: Heal Wounds, Renounce Religion


You were on level 7 of the Dungeon.
You worshipped Makhleb.
Makhleb was aware of your devotion.
You were not hungry.

You visited 2 branches of the dungeon, and saw 8 of its levels.

You collected 390 gold pieces.

Inventory:

Hand Weapons
 a - a +1 war axe of protection (weapon)
Missiles
 Q - 163 stones (quivered)
Armour
 b - a +0 scale mail
 c - a +1 shield (worn)
 g - a +1 scale mail of magic resistance (worn) {MR+}
 s - a +0 helmet (worn)
Jewellery
 k - a +4 ring of evasion (left hand)
 G - an uncursed amulet of guardian spirit {Spirit}
Wands
 n - a wand of iceblast (12)
Scrolls
 f - 5 scrolls of remove curse
 i - 10 scrolls of identify
 t - a scroll of teleportation
 v - a scroll of enchant weapon
Potions
 d - 2 potions of might
 h - a potion of magic {unknown}
 j - 4 potions of curing {unknown}
 l - 4 potions of mutation {unknown}
 m - a potion of cancellation {unknown}
 o - 3 potions of heal wounds {unknown}
 p - 2 potions of lignification {unknown}
 q - a potion of flight {unknown}
 u - 2 potions of brilliance {unknown}
Comestibles
 e - 11 rations


   Skills:
 - Level 2.6 Fighting
 + Level 7.8 Axes
 + Level 8.2 Armour
 + Level 8.3 Shields
 + Level 3.3 Invocations


You had 8 spell levels left.
You didn't know any spells.
Your spell library contained the following spells:

 Spells                   Type           Power        Failure   Level  Hunger
 Flame Tongue             Conj/Fire      #....        91%         1    ##.....
 Throw Flame              Conj/Fire      #.....       97%         2    ###....
 Conjure Flame            Conj/Fire      #.......     100%        3    ####...
 Inner Flame              Hex/Fire       #.......     100%        3    ####...
 Sticky Flame             Conj/Fire      #.......     100%        4    #####..
 Fireball                 Conj/Fire      #.........   100%        5    ######.


Dungeon Overview and Level Annotations

Branches:
Dungeon (7/15)             Temple (1/1) D:7

Altars:
Ashenzari
Cheibriados
Dithmenos
Elyvilon
Fedhas
Gozag
Hepliaklqana
Kikubaaqudgha
Makhleb
Nemelex Xobeh
Okawaru
Qazlal
Ru
Sif Muna
Trog
Uskayaw
Vehumet
Wu Jian
Xom
Yredelemnul
Zin
The Shining One


Innate Abilities, Weirdness & Mutations

You are resistant to damage.
You can heal yourself by infusing magical energy.
You passively map the area around you.
You do not regenerate.


Message History

The two-headed ogre barely misses you. You block the two-headed ogre's attack.
Your shield prevents you from hitting the two-headed ogre.
You block the two-headed ogre's attack.
The two-headed ogre hits you with a +0 giant club.
* * * LOW HITPOINT WARNING * * *
You take 5 damage, and have 27/74 hp.
You slash the two-headed ogre!
Your weapon exudes an aura of protection.
You hit the quokka but do no damage.
The quokka bites you but does no damage.
The two-headed ogre hits you with a +0 dire flail.
* * * LOW HITPOINT WARNING * * *
You block the two-headed ogre's attack.
You take 1 damage, and have 26/74 hp.
You slash the two-headed ogre! You hit the quokka.
You block the quokka's attack.
The two-headed ogre hits you with a +0 dire flail!!
* * * LOW HITPOINT WARNING * * *
The two-headed ogre hits you with a +0 giant club!
You die...

, #####.....z......, ,
######...#......# + ,
....'....#......+ , * ,
....#....#......# , ,
..>.#....'.÷....# , #, ,
...####..#÷.....######'#
...########÷÷...........
......#...#............. ,
* ......#...#....:@O......
* ......#...#.....r.......
, ,
......#...#.............,
,
......#..<#.............,,
......#..)#.............,
..........)............. ,
#####.#############.#### *
* ....#.# , ... , .# , ,
###.#.# * #.# ,


You could see a two-headed ogre and a quokka.

Levels and vault maps discovered:
D:1:      scummos_arrival_hexagon, layout_rooms, serial_bayou_pond_e
D:2:      minmay_razor_zed, layout_basic
D:3:      layout_basic, first_ration
D:4:      layout_layer_cave, fedhas_altar_2, uniq_grinder
D:5:      minmay_evil_eye, layout_loops_corners
D:6:      wad_lake_hut, layout_basic, overflow_temple_1_default
D:7:      layout_gridville, minmay_temple_entry_glass, roderic_lattice_a
Temple:   nicolae_temple_the_god_donut

Notes
Turn   | Place    | Note
-------+----------+-------------------------------------------
     0 | D:1      | ventricule the Deep Dwarf Fighter began the quest for the
                  | Orb.
     0 | D:1      | Reached XP level 1. HP: 20/20 MP: 1/1
    78 | D:1      | Identified a +0 club
   153 | D:1      | Identified a ring of evasion (You found it on level 1 of
                  | the Dungeon)
   161 | D:1      | Identified a +0 club
   187 | D:1      | Identified a +0 club
   192 | D:1      | Reached XP level 2. HP: 21/27 MP: 2/2
   324 | D:1      | Identified a +0 short sword
   520 | D:2      | Identified a +0 hunting sling
   520 | D:2      | Identified a cursed -3 club
   520 | D:2      | Identified a +0 dagger
   562 | D:2      | Reached XP level 3. HP: 25/33 MP: 3/3
   724 | D:2      | Reached skill level 3 in Axes
   826 | D:2      | Reached skill level 4 in Armour
   826 | D:2      | Reached skill level 4 in Shields
   898 | D:2      | Identified a +0 leather armour
   908 | D:3      | Identified a +0 short sword
   976 | D:3      | Identified a cursed -3 dagger
  1134 | D:4      | Identified a scroll of fog
  1135 | D:4      | Identified 2 scrolls of identify
  1135 | D:4      | Identified an amulet of guardian spirit (You found it on
                  | level 2 of the Dungeon)
  1138 | D:4      | Identified 3 scrolls of teleportation
  1139 | D:4      | Identified a scroll of random uselessness
  1140 | D:4      | Identified 5 scrolls of remove curse
  1145 | D:5      | Entered Level 5 of the Dungeon
  1145 | D:5      | Identified a cursed +0 short sword
  1145 | D:5      | Identified a +0 club
  1145 | D:5      | Identified a +0 dagger
  1145 | D:5      | Identified a +0 robe
  1145 | D:5      | Identified a +0 dagger
  1145 | D:5      | Identified a +0 robe
  1148 | D:5      | Reached XP level 4. HP: 22/40 MP: 0/4
  1155 | D:5      | HP: 8/40 [orc priest/divine providence (9)]
  1155 | D:5      | HP: 1/40 [orc priest/+0 club (4)]
  1164 | D:5      | Reached XP level 5. HP: 18/46 MP: 2/5
  1284 | D:5      | Identified a +0 giant spiked club
  1284 | D:5      | Noticed an ogre
  1287 | D:5      | HP: 7/46 [ogre/+0 giant spiked club (11)]
  1299 | D:5      | Killed an ogre
  1299 | D:5      | Reached skill level 4 in Axes
  1299 | D:5      | Reached skill level 5 in Armour
  1299 | D:5      | Reached skill level 5 in Shields
  1304 | D:6      | Noticed an ice beast
  1321 | D:5      | Identified a +0 halberd
  1321 | D:5      | Identified a +3 whip
  1347 | D:5      | Reached XP level 6. HP: 16/55 MP: 6/6
  1539 | D:4      | Noticed Grinder
  1547 | D:4      | Paralysed by Grinder for 7 turns
  1562 | D:4      | Paralysed by Grinder for 3 turns
  1568 | D:4      | Paralysed by Grinder for 4 turns
  1572 | D:4      | Killed Grinder
  1572 | D:4      | Reached skill level 5 in Axes
  1572 | D:4      | Reached XP level 7. HP: 17/61 MP: 7/7
  1708 | D:4      | Identified a +0 dagger
  1708 | D:4      | Identified a +0 robe
  1708 | D:4      | Identified a +0 flail
  1709 | D:4      | Identified a +0 flail
  1709 | D:4      | Identified a +0 leather armour
  1724 | D:4      | Reached skill level 6 in Shields
  2030 | D:4      | Reached skill level 6 in Armour
  2220 | D:4      | Found a blossoming altar of Fedhas.
  2669 | D:5      | Identified a +0 giant club
  2671 | D:5      | HP: 11/61 [ogre/+0 giant club (20)]
  2683 | D:5      | Identified a scroll of enchant weapon
  2684 | D:5      | Identified a scroll of noise
  2685 | D:5      | Identified a scroll of torment
  2696 | D:5      | Identified a +1 scale mail of magic resistance (You found
                  | it on level 5 of the Dungeon)
  2727 | D:5      | Identified a cursed -3 giant spiked club
  2733 | D:5      | Reached skill level 6 in Axes
  3063 | D:6      | Reached XP level 8. HP: 33/68 MP: 6/6
  3147 | D:6      | Reached skill level 7 in Shields
  3151 | D:6      | Identified a scroll of holy word
  3157 | D:6      | Identified a scroll of enchant armour
  3158 | D:6      | Identified a scroll of magic mapping
  3298 | D:7      | Reached skill level 7 in Armour
  3355 | D:7      | Reached skill level 7 in Axes
  3360 | D:7      | Identified a cursed +0 scimitar
  3360 | D:7      | Identified a +0 robe
  3362 | D:7      | Identified a +0 dire flail
  3362 | D:7      | Identified a +0 giant club
  3362 | D:7      | Noticed a two-headed ogre
  3363 | D:7      | Noticed a hippogriff
  3364 | D:7      | Identified a cursed +0 halberd
  3364 | D:7      | Identified a +0 robe
  3468 | D:7      | Found a staircase to the Ecumenical Temple.
  3477 | Temple   | Entered the Ecumenical Temple
  3515 | Temple   | Became a worshipper of Makhleb the Destroyer
  3769 | D:6      | Identified a +0 dagger
  3769 | D:6      | Identified a +0 ring mail
  3769 | D:6      | Identified a +0 flail
  3770 | D:6      | Identified a +0 whip
  3804 | D:6      | Reached skill level 1 in Invocations
  3854 | D:6      | Found a stormy altar of Qazlal.
  3931 | D:6      | Identified a +0 helmet (You found it on level 6 of the
                  | Dungeon)
  3961 | D:6      | Identified a +0 hand axe
  3962 | D:6      | Identified a +1 war axe of protection
  3962 | D:6      | Identified a scroll of brand weapon
  3964 | D:6      | Identified a +0 flail
  4049 | D:6      | Reached skill level 8 in Shields
  4049 | D:6      | Reached skill level 2 in Invocations
  4056 | D:6      | Identified a +0 shortbow
  4061 | D:6      | HP: 15/68 [centaur/arrow (7)]
  4197 | D:5      | Identified a +0 whip
  4350 | D:3      | Reached skill level 8 in Armour
  4444 | D:3      | Identified a +0 club
  4448 | D:3      | Gained mutation: You passively map the area around you.
                  | [Deep Dwarf growth]
  4448 | D:3      | Reached XP level 9. HP: 39/74 MP: 8/8
  4492 | D:3      | Identified a cursed +0 club
  4505 | D:3      | Identified a +0 whip
  4506 | D:3      | Identified a +0 short sword
  4506 | D:3      | Identified a +0 leather armour
  4506 | D:3      | Identified a +0 short sword
  4506 | D:3      | Identified a +0 flail
  4506 | D:3      | Identified a +0 leather armour
  4510 | D:3      | Reached * piety under Makhleb
  4510 | D:3      | Identified a +0 hunting sling
  5013 | D:2      | Identified a +0 club
  5190 | D:2      | Identified a +0 short sword
  5200 | D:2      | Identified a +0 dagger
  5303 | D:2      | Identified a +0 club
  5306 | D:2      | Identified a +0 club
  5660 | D:7      | Identified a cursed -1 short sword
  5660 | D:7      | Identified a +0 robe
  5679 | D:7      | Reached skill level 3 in Invocations
  5695 | D:7      | HP: 8/74 [two-headed ogre/+0 dire flail (18)]
  5695 | D:7      | Slain by a two-headed ogre

Table legend:
 A = Turns spent in this place as a percentage of turns spent in the entire game.
 B = Non-inter-level travel turns spent in this place as a percentage of non-inter-level travel turns spent in the entire game.
 C = Inter-level travel turns spent in this place as a percentage of turns spent in this place.
 D = Turns resting spent in this place as a percentage of non-inter-level travel turns spent in this place.
 E = Turns spent auto-exploring this place as a percentage of non-inter-level travel turns spent in this place.
 F = Non-inter-level travel turns spent in this place divided by the number of levels of this place that you've seen.
                   A       B       C       D       E      F
               +-------+-------+-------+-------+-------+----------------------
         Total | 100.0 | 100.0 |  10.7 |   0.0 |  81.0 | 636.0
       Dungeon |  99.1 |  99.2 |  10.5 |   0.0 |  80.9 | 721.1
        Temple |   0.9 |   0.8 |  23.1 |   0.0 |  82.5 |  40.0
               +-------+-------+-------+-------+-------+----------------------

Table legend:
 A = Kills in this place as a percentage of kills in entire the game.
 B = Kills by you in this place as a percentage of kills by you in the entire game.
 C = Kills by friends in this place as a percentage of kills by friends in the entire game.
 D = Other kills in this place as a percentage of other kills in the entire game.
 E = Experience gained in this place as a percentage of experience gained in the entire game.
 F = Experience gained in this place divided by the number of levels of this place that you have seen.
                   A       B       C       D       E      F
               +-------+-------+-------+-------+-------+----------------------
         Total | 100.0 | 100.0 |   N/A |   N/A | 100.0 | 412.6
       Dungeon | 100.0 | 100.0 |   N/A |   N/A | 100.0 | 471.6
               +-------+-------+-------+-------+-------+----------------------

Skill      XL: |  1  2  3  4  5  6  7  8  9 |
---------------+----------------------------+-----
Axes           | 3 4 5 6 7 |  7.8
Armour         | 4 5 6 8 |  8.2
Shields        | 4 5 6 8 |  8.3
Invocations    | 2 3 |  3.3
Fighting       | |  2.6

Action                   |  1- 3 |  4- 6 |  7- 9 || total
-------------------------+-------+-------+-------++-------
Melee: War axe           |   104 |    67 |   363 ||   534
 Abil: Heal Wounds       |       |     4 |     6 ||    10
Evoke: Wand              |       |       |     2 ||     2
  Use: Scroll            |     5 |       |     8 ||    13
  Eat: Chunk             |     1 |     1 |     9 ||    11
       Ration            |       |       |     2 ||     2
Armor: Scale mail        |    39 |    20 |   116 ||   175
Dodge: Dodged            |    49 |    35 |   181 ||   265
Block: Shield            |    59 |    25 |   251 ||   335

Vanquished Creatures
  Grinder (D:4)
  A hippogriff (D:7)
  A hungry ghost (D:7)
  A water moccasin (D:6)
  An ice beast (D:6)
  3 ogres (D:5)
  3 sky beasts
  A centaur (D:6)
  2 bullfrogs (D:7)
  A jelly (D:5)
  A howler monkey (D:5)
  3 wights (D:7)
  2 crimson imps (D:5)
  A centaur skeleton (D:4)
  3 orc priests
  3 orc wizards
  3 hounds
  An iguana (D:6)
  2 worker ants
  A hound zombie (D:5)
  4 gnolls (D:5)
  6 adders
  3 oozes
  An adder zombie (D:5)
  2 adder skeletons
  A worm (D:3)
  2 dart slugs
  6 leopard geckos
  16 orcs
  5 giant cockroaches
  6 goblins
  11 hobgoblins
  8 jackals
  3 quokkas
  A ball python (D:3)
  9 bats
  4 frilled lizards
  A jackal skeleton (D:4)
  11 kobolds
  8 rats
143 creatures vanquished.
